 Dungeon Crawl Stone Soup version 0.30-a0-722-g3e6e8c874d (webtiles) character file.

Game seed: 2971398812951483504

0 Bnni the Vexing (level 1, 0/15 HPs)
             Began as a Formicid Hexslinger on Jan 28, 2023.
             Slain by a goblin
             ... wielding a +0 club
              (1 damage)
             ... on level 1 of the Dungeon.
             The game lasted 00:00:17 (60 turns).

Bnni the Vexing (Formicid Hexslinger)                 Turns: 60, Time: 00:00:17

Health: 0/15       AC:  3    Str: 14    XL:     1   Next: 11%
Magic:  2/2        EV: 12    Int: 12    God:
Gold:   9          SH:  0    Dex: 14    Spells: 1/2 levels left

rFire   . . .      SeeInvis +    a - +1 sling
rCold   . . .      Faith    .    (no shield)
rNeg    . . .      Spirit   .    c - +0 robe
rPois   .          Reflect  .    (helmet unavailable)
rElec   .          Harm     .    e - +0 cloak
rCorr   .          Rampage  .    (no gloves)
Will    .....                    (no boots)
Stlth   +                        (no amulet)
HPRegen 0.22/turn                (no ring)
MPRegen 0.08/turn                (no ring)

@: no status effects
A: permanent stasis, dig shafts and tunnels, antennae 3, four strong arms
a: Dig, Shaft Self


You were on level 1 of the Dungeon.
You visited 1 branch of the dungeon, and saw 1 of its levels.

You collected 9 gold pieces.

Inventory:

Hand Weapons
 a - a +1 sling (weapon)
Armour
 c - a +0 robe (worn)
 e - a +0 cloak (worn)
Scrolls
 b - a scroll of poison
 d - a scroll of immolation {unknown}


   Skills:
 + Level 1.1 Fighting
 * Level 2.0 Ranged Weapons
 - Level 1.7 Dodging
 + Level 1.1 Spellcasting
 * Level 3.6 Hexes
 * Level 0.0 Fire Magic


You had one spell level left.
You knew the following spells:

 Your Spells              Type           Power      Damage    Failure   Level
a - Slow                  Hex            36%        N/A       7%          1

Your spell library contained the following spells:

 Spells                   Type           Power      Damage    Failure   Level
 Inner Flame              Hex/Fire       5%         N/A       38%         3
 Portal Projectile        Hex/Tloc       10%        N/A       38%         3
 Cause Fear               Hex            4%         N/A       54%         4


Dungeon Overview and Level Annotations

Branches:
Dungeon (1/15)

Altars:


Innate Abilities, Weirdness & Mutations

You cannot be hasted, slowed, berserked, paralysed or teleported.
You can dig through walls and to a lower floor.
You have a pair of large antennae on your head. (SInv)
Your four strong arms can wield two-handed weapons with a shield.


Message History

The sling bullet closely misses the quokka.
The quokka barely misses you. The quokka bites you.
There are monsters nearby!
You shoot a sling bullet.
The sling bullet barely misses the quokka.
The quokka closely misses you.
There are monsters nearby!
You shoot a sling bullet.
The sling bullet closely misses the quokka.
The quokka barely misses you.
The quokka bites you but does no damage.
There are monsters nearby!
You shoot a sling bullet.
The sling bullet hits the goblin but does no damage.
The goblin hits you with a +0 club. The quokka bites you.
The goblin hits you but does no damage.
There are monsters nearby!
You shoot a sling bullet. The sling bullet hits the goblin.
The goblin is heavily wounded.
The quokka misses you. The goblin closely misses you.
The quokka twitches its whiskers.
The quokka bites you.
There are monsters nearby!
You are too injured to fight recklessly!
There are monsters nearby!
You are too injured to fight recklessly!
There are monsters nearby!
You are too injured to fight recklessly!
You are too injured to fight recklessly!
You shoot a sling bullet.
The sling bullet closely misses the goblin.
The quokka barely misses you. The goblin closely misses you.
The quokka bites you.
* * * LOW HITPOINT WARNING * * *
You shoot a sling bullet.
The sling bullet barely misses the goblin.
The goblin hits you with a +0 club.
* * * LOW HITPOINT WARNING * * *
The quokka barely misses you. The goblin hits you with a +0 club.
You die...

#~...##........ ....
#~~..#......... ....
#8~..#......... .....
#~~..#......<.. .....
#~...#......... ......
##..#.#.........
......###..##.##........
......g.#.###.###.......
.....#@#.......#+......
#.....r..........##.....
..#...........##.####.##
#.........#.......#.#
####......#.........#
#......#.........#
#......#..[......##
..#+##.............. ...
......#........


You could see a quokka and a goblin.

Vanquished Creatures
  A rat (D:1)
1 creature vanquished.

Notes
Turn   | Place    | Note
-------+----------+-------------------------------------------
     0 | D:1      | Bnni the Formicid Hexslinger began the quest for the Orb.
     0 | D:1      | Reached XP level 1. HP: 15/15 MP: 2/2
    60 | D:1      | Slain by a goblin

Illustrated notes

Levels and vault maps discovered:
D:1:      lemuel_arrival_rhombus, layout_basic, moated_statue,
          minmay_misc_feat_doors

Action                     || total
---------------------------++-------
   Fire: Sling             ||    10
 Armour: Robe              ||     2
  Dodge: Dodged            ||     9

Table legend: (Time is in decaauts)
 A = Elapsed time spent in this place.
 B = Non-inter-level travel time spent in this place.
 C = Inter-level travel time spent in this place.
 D = Time resting spent in this place.
 E = Time spent auto-exploring this place.
 F = Levels seen in this place.
 G = Mean time per level.
                   A        B        C        D        E       F      G
               +--------+--------+--------+--------+--------+-----+--------+
         Total |     62 |     62 |      0 |      0 |     32 |   1 |   62.0 |
       Dungeon |     62 |     62 |      0 |      0 |     32 |   1 |   62.0 |
               +--------+--------+--------+--------+--------+-----+--------+

Top non-repeatable levels by time:
     D:1: 62 daAuts
